 Seeded DCSS version 0.24.0 (webtiles) character file.

Game seed: 1149635623738880743, levelgen mode: deterministic

156 Auros the Cutter (level 5, -2/34 HPs)
             Began as a Halfling Warper on Feb 1, 2020.
             Slain by Edmund
             ... wielding a +2 dire flail of holy wrath
              (13 damage)
             ... on level 3 of the Dungeon.
             The game lasted 00:14:32 (3327 turns).

Auros the Cutter (Halfling Warper)                  Turns: 3327, Time: 00:14:33

Health: -2/34      AC:  5    Str: 13    XL:     5   Next: 64%
Magic:  2/7        EV: 14    Int: 11    God:
Gold:   195        SH:  0    Dex: 14    Spells: 3/7 levels left

rFire    . . .     SeeInvis .   a - +0 short sword
rCold    . . .     Gourm    .   (shield restricted)
rNeg     . . .     Faith    .   b - +0 leather armour
rPois    .         Spirit   .   C - +0 helmet
rElec    .         Reflect  .   w - +0 cloak
rCorr    .         Harm     .   (no gloves)
MR       .....                  (no boots)
Stlth    +.........             (no amulet)
HPRegen  0.11/turn              (no ring)
MPRegen  0.10/turn              (no ring)

@: shrouded
A: small, mutation resistance 1
a: no special abilities


You were on level 3 of the Dungeon.
You were hungry.

You visited 1 branch of the dungeon, and saw 4 of its levels.

You collected 195 gold pieces.

Inventory:

Hand Weapons
 a - a +0 short sword (weapon)
 s - a +0 hunting sling
 B - a +0 hunting sling
Missiles
 c - 22 sling bullets
 e - 5 boomerangs of dispersal (quivered)
 g - 98 stones
 j - 16 poisoned darts
 o - 78 bolts
Armour
 b - a +0 leather armour (worn)
 l - a +0 cloak
 w - a +0 cloak (worn)
 y - a +0 robe
 C - a +0 helmet (worn)
Jewellery
 u - an uncursed amulet of guardian spirit {unknown}
Scrolls
 d - 2 scrolls of blinking
 i - 2 scrolls of fog
 m - 2 scrolls of remove curse
 n - 6 scrolls of identify
 q - a scroll of magic mapping {unknown}
 v - a scroll of enchant armour {unknown}
 x - a scroll of immolation {unknown}
Potions
 h - a potion of agility {unknown}
 k - 2 potions of heal wounds {unknown}
 p - 2 potions of might {unknown}
 r - a potion of degeneration {unknown}
 t - 2 potions of magic {unknown}
 z - a potion of haste {unknown}
 A - a potion of lignification {unknown}
Comestibles
 f - 3 rations


   Skills:
 - Level 1.7 Fighting
 + Level 5.2 Short Blades
 * Level 4.3(4.4) Slings
 - Level 1.0(2.1) Throwing
 - Level 1.1 Armour
 - Level 2.1 Dodging
 - Level 1.5 Spellcasting
 - Level 3.2 Translocations


You had 3 spell levels left.
You knew the following spells:

 Your Spells              Type           Power        Failure   Level  Hunger
a - Blink                 Tloc           N/A          16%         2    ###....
b - Shroud of Golubria    Chrm/Tloc      #.....       30%         2    ###....

Your spell library contained the following spells:

 Spells                   Type           Power        Failure   Level  Hunger
 Gell's Gravitas          Tloc           #.........   30%         3    ####...
 Lesser Beckoning         Tloc           #.........   30%         3    ####...
 Teleport Other           Tloc           #.......     30%         3    ####...
 Passage of Golubria      Tloc           N/A          69%         4    #####..


Dungeon Overview and Level Annotations

Branches:
Dungeon (4/15)
 Temple: D:4-7

Altars:
Dithmenos
Elyvilon
Makhleb
Uskayaw
Xom

Annotations:
D:3 1 runed translucent door, Despondentz's ghost, amateur DrTm; Edmund


Innate Abilities, Weirdness & Mutations

You are small and have problems with some larger weapons.
You are somewhat resistant to further mutation.


Message History

You hit Edmund.
Edmund is moderately wounded.
Edmund barely misses you.
You hit Edmund but do no damage.
Edmund is moderately wounded.
Your shroud bends Edmund's attack away.
You hit Edmund but do no damage.
Edmund is lightly wounded.
Your shroud unravels.
Edmund completely misses you.
You hit Edmund but do no damage.
Edmund is lightly wounded.
Edmund hits you with a +2 dire flail of holy wrath!
Casting: Shroud of Golubria (safe; 30% risk of failure)
Confirm with . or Enter, or press ? or * to list all spells.
Space distorts slightly along a thin shroud covering your body.
You barely miss Edmund.
Edmund is lightly wounded.
Edmund hits you with a +2 dire flail of holy wrath!
You die...

########....# #..# #......
.......'....# #..# #####..####
.......#....###..# #......#
.......####...#..# #......###
.......# ###.#..# #......#.##
.......# #.#..# ###....#...
.......# #.#..# #....#...
##.....######.#..##########..#...
...)............@@w(()..§..w.#.##
####.##########^##........#..#...
#...........##...########.#..####
.....########^_.≈≈## #....#...
#.#....#.###._..#♣≈########.)#.##
...........#≈#≈.#..#.............
.........#.._^._.#^^.#....#......
#.#.####...#....^.≈#.#....#[.....
#.#....'...#≈≈.^_..#.+....##.....


You could see Edmund and a worm.

Vanquished Creatures
  Jessica (D:3)
  A worker ant (D:3)
  3 adders
  2 worms
  3 dart slugs
  2 leopard geckos
  5 bats
  6 giant cockroaches
  6 goblins
  6 hobgoblins
  6 jackals
  3 quokkas
  2 ball pythons (D:3)
  4 frilled lizards
  8 kobolds
  7 rats
65 creatures vanquished.

Notes
Turn   | Place    | Note
-------+----------+-------------------------------------------
     0 | D:1      | Auros the Halfling Warper began the quest for the Orb.
     0 | D:1      | Reached XP level 1. HP: 14/14 MP: 3/3
   269 | D:1      | Reached skill level 3 in Short Blades
   282 | D:1      | Reached XP level 2. HP: 16/19 MP: 4/4
   306 | D:1      | Learned a level 2 spell: Blink
   316 | D:1      | Learned a level 2 spell: Shroud of Golubria
   813 | D:1      | Reached skill level 4 in Short Blades
   813 | D:1      | Reached XP level 3. HP: 24/24 MP: 5/5
  1203 | D:2      | Found a burning altar of Makhleb.
  1257 | D:2      | Reached skill level 1 in Slings
  1324 | D:2      | Noticed a +0 hand axe
  1326 | D:2      | Noticed a +0 dagger
  1328 | D:2      | Found a hide-covered altar of Uskayaw.
  1336 | D:2      | Reached XP level 4. HP: 20/29 MP: 6/6
  1574 | D:3      | Noticed Jessica
  2041 | D:3      | Killed Jessica
  2041 | D:3      | Reached skill level 5 in Short Blades
  2041 | D:3      | Reached XP level 5. HP: 26/34 MP: 7/7
  2095 | D:3      | Found a white marble altar of Elyvilon.
  2245 | D:3      | Found a runed translucent door.
  2250 | D:3      | Noticed Despondentz's ghost (amateur DrTm)
  2332 | D:3      | Found a shimmering altar of Xom.
  2336 | D:3      | Found a shimmering altar of Xom.
  2336 | D:3      | Found a shimmering altar of Xom.
  2338 | D:3      | Found a shimmering altar of Xom.
  2345 | D:3      | Found a shimmering altar of Xom.
  3058 | D:3      | Found a shadowy altar of Dithmenos.
  3236 | D:4      | Noticed Edmund
  3327 | D:3      | Slain by Edmund

Levels and vault maps discovered:
D:1:      noname_arrival_rooms_in_the_neighbourhood, layout_rooms,
          hangedman_feature_mirror, dk_noncrumbling_2
D:2:      layout_basic, dancing_weapons_uskayaw, overflow_temple_1_default
D:3:      layout_basic, xom_redecorated, elyvilon_altar_5,
          ebering_ghost_reflecting_pool, lemuel_statue_altar, uniq_jessica
D:4:      layout_basic, uniq_edmund
